 Dungeon Crawl Stone Soup version 0.30-a0-578-gdee14c521f (webtiles) character file.

Game seed: 1193550553785817456

308 Newt the Trooper (level 6, -1/48 HPs)
             Began as a Demonspawn Gladiator on Dec 31, 2022.
             Killed from afar by an orc wizard (4 damage)
             ... with a magic dart
             ... on level 3 of the Dungeon.
             The game lasted 00:03:44 (3661 turns).

Newt the Trooper (Demonspawn Gladiator)             Turns: 3661, Time: 00:03:45

Health: -1/48      AC:  3    Str: 16    XL:     6   Next: 17%
Magic:  6/6        EV: 12    Int: 10    God:
Gold:   183        SH:  0    Dex: 14    Spells: 5/5 levels left

rFire   x . .      SeeInvis .    l - +1 dagger (freeze)
rCold   . . .      Faith    .    (no shield)
rNeg    + . .      Spirit   .    b - +0 leather armour
rPois   .          Reflect  .    (helmet restricted)
rElec   .          Harm     .    (no cloak)
rCorr   .          Rampage  .    (no gloves)
Will    .....                    (no boots)
Stlth   +                        (no amulet)
HPRegen 0.28/turn                i - ring of positive energy
MPRegen 0.10/turn                (no ring)

@: confused
A: antennae 1, powered by death 1, powered by pain 1, heat vulnerability 1
a: no special abilities


You were on level 3 of the Dungeon.
You visited 1 branch of the dungeon, and saw 3 of its levels.

You collected 213 gold pieces.
You spent 30 gold pieces at shops.

Inventory:

Hand Weapons
 a - a +0 rapier
 l - a +1 dagger of freezing (weapon)
Missiles
 d - a throwing net (quivered)
 e - a javelin
 k - 4 atropa-tipped darts
Armour
 b - a +0 leather armour (worn)
 c - a +0 helmet
Jewellery
 i - a ring of positive energy (left hand)
 j - a ring of ice
Scrolls
 h - a scroll of vulnerability
 m - a scroll of enchant armour
Potions
 f - a potion of lignification
 g - a potion of invisibility {unknown}
 n - a potion of curing


   Skills:
 - Level 4.0 Fighting
 + Level 2.6 Short Blades
 - Level 3.0 Throwing
 - Level 3.0 Armour
 - Level 3.0 Dodging
 - Level 2.0 Stealth


You had 5 spell levels left.
You didn't know any spells.
Your spell library contained the following spells:

 Spells                   Type           Power      Damage    Failure   Level
 Sting                    Tmut/Pois      0%         1d3       41%         1
 Poisonous Vapours        Pois/Air       0%         N/A       56%         2
 Olgreb's Toxic Radiance  Pois           0%         N/A       99%         4


Dungeon Overview and Level Annotations

Branches:
Dungeon (3/15)

Altars:

Shops:
D:3 *


Innate Abilities, Weirdness & Mutations

You have a pair of small antennae on your head.
You regenerate a little health from kills.
You sometimes gain a little power by taking damage.
You are vulnerable to heat. (rF-)


Message History

The orc wizard gestures wildly while chanting.
The orc wizard flickers and vanishes!
Deactivating autopickup; reactivate with Ctrl-A.
No target in view!
There is a strange disturbance nearby!
There is a strange disturbance nearby!
You hit something. You freeze something. Something hits you.
You miss something. Your punch misses something.
Something hits you but does no damage.
You barely miss something. Something hits you.
You barely miss something. Something hits you.
You hit something. You freeze something. Something hits you.
You miss something. You completely miss something.
You hear some strange, mumbled words.
Something tries to affect you, but you resist.
You closely miss something. Your punch misses something. Something hits you.
You barely miss something. Something hits you.
You closely miss something. Something hits you.
You hit something. You freeze something. Your punch misses something.
Something hits you.
You barely miss something. Something hits you.
* * * LOW HITPOINT WARNING * * *
You hit something but do no damage. You hit something but do no damage.
Something hits you.
* * * LOW HITPOINT WARNING * * *
You closely miss something. Something hits you.
* * * LOW HITPOINT WARNING * * *
You hit something. You freeze something. Something hits you but does no damage.
You hit something. You freeze something.
You hear some strange, mumbled words.
You are confused.
Something hits you but does no damage.
You hit something but do no damage. Something hits you.
* * * LOW HITPOINT WARNING * * *
Something barely misses you.
You hear some strange, mumbled words.
A magic dart appears from out of thin air!
The magic dart hits you.
You die...

...##...##...#
.........#...#
.............##
........#.....#
.).......#.##.#
...........##.#####
.......##.........#
.......###.....{..#
.......# #......@.#
.......# #........#
..>....# ##.......#
.......# #.......#
#.......# #.......#
#.......# #.......#


There were no monsters in sight!

Vanquished Creatures
  Sigmund (D:3)
  An orc wizard (D:2)
  4 adders
  A worm (D:3)
  2 dart slugs
  5 orcs
  9 ball pythons
  6 endoplasms
  10 goblins
  8 hobgoblins
  6 jackals (D:2)
  6 kobolds
  3 quokkas
  3 bats (D:1)
  2 frilled lizards (D:2)
67 creatures vanquished.

Notes
Turn   | Place    | Note
-------+----------+-------------------------------------------
     0 | D:1      | Newt the Demonspawn Gladiator began the quest for the Orb.
     0 | D:1      | Reached XP level 1. HP: 16/16 MP: 1/1
    56 | D:1      | Reached skill level 1 in Stealth
   156 | D:1      | Gained mutation: You sometimes gain a little power by
                  | taking damage. [demonic ancestry]
   156 | D:1      | Reached XP level 2. HP: 22/22 MP: 2/2
   702 | D:2      | Reached XP level 3. HP: 24/27 MP: 3/3
   702 | D:2      | Gained mutation: You are vulnerable to heat. (rF-) [potion
                  | of mutation]
  1567 | D:2      | Gained mutation: You regenerate a little health from kills.
                  | [demonic ancestry]
  1567 | D:2      | Reached XP level 4. HP: 33/34 MP: 4/4
  1767 | D:3      | Noticed Sigmund
  1767 | D:3      | Found Rorazess's General Store.
  2861 | D:3      | Reached skill level 3 in Fighting
  3377 | D:3      | Reached XP level 5. HP: 36/42 MP: 5/5
  3534 | D:3      | Bought a potion of curing for 30 gold pieces
  3542 | D:3      | Killed Sigmund
  3543 | D:3      | Reached skill level 4 in Fighting
  3543 | D:3      | Gained mutation: You have a pair of small antennae on your
                  | head. [demonic ancestry]
  3543 | D:3      | Reached XP level 6. HP: 40/48 MP: 6/6
  3661 | D:3      | Killed from afar by an orc wizard

Illustrated notes

Levels and vault maps discovered:
D:1:      shiori_arrival_oz, layout_loops_ring, kennysheep_nondescript,
          st_stairs_1, feat_on_display
D:2:      layout_loops_corners, minmay_goblin_outpost
D:3:      layout_rooms, serial_shops, shop, uniq_sigmund

Skill      XL: |  1  2  3  4  5  6 |
---------------+-------------------+-----
Stealth        | 1 2 |  2.0
Throwing       | 2 3 |  3.0
Fighting       | 3 4 |  4.0
Dodging        | 3 |  3.0
Armour         | 2 3 |  3.0
Short Blades   | |  2.6

Action                   |  1- 3 |  4- 6 || total
-------------------------+-------+-------++-------
Melee: Rapier            |   147 |    44 ||   191
       Dagger            |       |    59 ||    59
       Punch             |       |     2 ||     2
Throw: Throwing net      |       |     3 ||     3
  Use: Scroll            |     4 |     2 ||     6
       Potion            |     1 |       ||     1
 Stab: Sleeping          |     7 |       ||     7
       Held in net/web   |       |     1 ||     1
Armor: Leather armour    |    42 |    19 ||    61
Dodge: Dodged            |   109 |    36 ||   145

Table legend: (Time is in decaauts)
 A = Elapsed time spent in this place.
 B = Non-inter-level travel time spent in this place.
 C = Inter-level travel time spent in this place.
 D = Time resting spent in this place.
 E = Time spent auto-exploring this place.
 F = Levels seen in this place.
 G = Mean time per level.
                   A        B        C        D        E       F      G
               +--------+--------+--------+--------+--------+-----+--------+
         Total |   3670 |   3544 |    126 |   1362 |   1606 |   3 | 1223.3 |
       Dungeon |   3670 |   3544 |    126 |   1362 |   1606 |   3 | 1223.3 |
               +--------+--------+--------+--------+--------+-----+--------+

Top non-repeatable levels by time:
     D:2: 2453 daAuts
     D:1: 679 daAuts
     D:3: 537 daAuts
